BSA
EL DORADO OILERS @ SAN FRANCISCO BANDITS
07/05/2028
 
TOP OF THE 1ST
El Dorado Oilers batting - Pitching for San Francisco Bandits : RHP Fernando Llama
Pitching: RHP Fernando Llama
Batting: RHB Nick Webb 0-0: Ball
1-0: SINGLE (Groundball, 4MD)
Batting: LHB Ashley Pickhills 0-0: Ball
1-0: Ball
2-0: Fly out, F6 (Line Drive, 6)
Batting: LHB Tony Abete 0-0: Swinging Strike
0-1: Ball
1-1: Grounds into double play, 4-6-3 (Groundball, 4)
Top of the 1st over - 0 run(s), 1 hit(s), 0 error(s), 0 left on base; El Dorado 0 - San Francisco 0
BOTTOM OF THE 1ST
San Francisco Bandits batting - Pitching for El Dorado Oilers : RHP Jeffrey Stephens
Pitching: RHP Jeffrey Stephens
Batting: RHB Raúl Bruno 0-0: Ball
1-0: Swinging Strike
1-1: Ball
2-1: Foul Ball, location: 2F
2-2: Ball
3-2: Foul Ball, location: 2F
3-2: Base on Balls
Batting: LHB Seung-woo Yi 0-0: Called Strike
0-1: Swinging Strike
0-2: Strikes out swinging
Raúl Bruno steals 2nd base
Batter strikes out.
Batting: RHB Owen Carter 0-0: Ball
1-0: SINGLE (Flyball, 9LS)
Raúl Bruno to third
Runner from 3rd tries for Home, SAFE, no throw
Batting: LHB Mario García 0-0: Called Strike
0-1: Called Strike
0-2: Strikes out swinging
Batting: RHB Glenn Melican 0-0: Ball
1-0: Fielders Choice at 2nd, 6-4 (Groundball, 6)
Bottom of the 1st over - 1 run(s), 1 hit(s), 0 error(s), 0 left on base; El Dorado 0 - San Francisco 1
TOP OF THE 2ND
El Dorado Oilers batting - Pitching for San Francisco Bandits : RHP Fernando Llama
Batting: RHB Valentín Borges 0-0: Called Strike
0-1: Ball
1-1: Fly out, F9 (Flyball, 9S)
Batting: LHB José Hernández 0-0: Called Strike
0-1: Fly out, F7 (Flyball, 78D)
Batting: RHB Sixto Vélez 0-0: Ball
1-0: Foul Ball, location: 2F
1-1: SOLO HOME RUN (Flyball, 7LD), Distance : 388 ft
Batting: LHB Al Gaines 0-0: SINGLE (Line Drive, 4MD)
Batting: RHB José Carlos Caraballo 0-0: Called Strike
0-1: Fielders Choice at 2nd, 6-4 (Groundball, 6)
Top of the 2nd over - 1 run(s), 2 hit(s), 0 error(s), 0 left on base; El Dorado 1 - San Francisco 1
BOTTOM OF THE 2ND
San Francisco Bandits batting - Pitching for El Dorado Oilers : RHP Jeffrey Stephens
Batting: LHB Anacleto Morillo 0-0: Called Strike
0-1: Called Strike
0-2: Ball
1-2: Ball
2-2: Strikes out swinging
Batting: RHB Scott Merritt 0-0: Called Strike
0-1: Called Strike
0-2: Foul Ball, location: 2F
0-2: Ball
1-2: Fly out, F5 (Line Drive, 5S)
Batting: RHB Ramón Ruíz 0-0: Ball
1-0: Foul Ball, location: 2F
1-1: Foul Ball, location: 2F
1-2: Strikes out looking
Bottom of the 2nd over - 0 run(s), 0 hit(s), 0 error(s), 0 left on base; El Dorado 1 - San Francisco 1
TOP OF THE 3RD
El Dorado Oilers batting - Pitching for San Francisco Bandits : RHP Fernando Llama
Batting: LHB José Martínez 0-0: Ball
1-0: DOUBLE (Flyball, 78XD)
Batting: RHB Nick Webb 0-0: Called Strike
0-1: SINGLE (Groundball, 6MD)
José Martínez to third
Batting: LHB Ashley Pickhills 0-0: Ball
Nick Webb steals 2nd base
1-0: Ground out 6-3 (Groundball, 6)
José Martínez scores
Nick Webb to third
Batting: LHB Tony Abete 0-0: Ball
1-0: Ball
2-0: Fly out, F8 (Flyball, 8RD)
Runner from 3rd tags up, SCORES, no throw
Batting: RHB Valentín Borges 0-0: Ball
1-0: Foul Ball, location: 2F
1-1: Called Strike
1-2: Foul Ball, location: 2F
1-2: Foul Ball, location: 2F
1-2: Ball
2-2: Foul Ball, location: 2F
2-2: Foul Ball, location: 2F
2-2: SINGLE (Groundball, 56S) (infield hit)
Batting: LHB José Hernández 0-0: Fly out, F8 (Flyball, 8RXD)
Top of the 3rd over - 2 run(s), 3 hit(s), 0 error(s), 1 left on base; El Dorado 3 - San Francisco 1
BOTTOM OF THE 3RD
San Francisco Bandits batting - Pitching for El Dorado Oilers : RHP Jeffrey Stephens
Batting: LHB Alberto Gómez 0-0: Ball
1-0: Foul Ball, location: 2F
1-1: Ball
2-1: Ball
3-1: Called Strike
3-2: Strikes out looking
Batting: RHB Raúl Bruno 0-0: Ground out 4-3 (Groundball, 4)
Batting: LHB Seung-woo Yi 0-0: Ball
1-0: Foul Ball, location: 2F
1-1: Ball
2-1: Fly out, F7 (Flyball, 7LSF)
Bottom of the 3rd over - 0 run(s), 0 hit(s), 0 error(s), 0 left on base; El Dorado 3 - San Francisco 1
TOP OF THE 4TH
El Dorado Oilers batting - Pitching for San Francisco Bandits : RHP Fernando Llama
Batting: RHB Sixto Vélez 0-0: Ball
1-0: Ball
2-0: Bunt for hit - play at first, batter OUT! 1-3
Batting: LHB Al Gaines 0-0: Ball
1-0: Ground out 4-3 (Groundball, 4)
Batting: RHB José Carlos Caraballo 0-0: Called Strike
0-1: Foul Ball, location: 2F
0-2: Fly out, F9 (Flyball, 89M)
Top of the 4th over - 0 run(s), 0 hit(s), 0 error(s), 0 left on base; El Dorado 3 - San Francisco 1
BOTTOM OF THE 4TH
San Francisco Bandits batting - Pitching for El Dorado Oilers : RHP Jeffrey Stephens
Batting: RHB Owen Carter 0-0: DOUBLE (Line Drive, 78XD)
Batting: LHB Mario García 0-0: Swinging Strike
0-1: Ball
1-1: Foul Ball, location: 2F
1-2: Fly out, F8 (Flyball, 8RS)
Batting: RHB Glenn Melican 0-0: Called Strike
0-1: Ball
1-1: Ground out 6-3 (Groundball, 56)
Batting: LHB Anacleto Morillo 0-0: Ball
1-0: Foul Ball, location: 2F
1-1: Foul Ball, location: 2F
1-2: 2-RUN HOME RUN (Flyball, 9LD), Distance : 335 ft
Batting: RHB Scott Merritt 0-0: Called Strike
0-1: SINGLE (Flyball, 9LS)
Batting: RHB Ramón Ruíz 0-0: Called Strike
0-1: Fly out, F7 (Flyball, 7LSF)
Bottom of the 4th over - 2 run(s), 3 hit(s), 0 error(s), 1 left on base; El Dorado 3 - San Francisco 3
TOP OF THE 5TH
El Dorado Oilers batting - Pitching for San Francisco Bandits : RHP Fernando Llama
Batting: LHB José Martínez 0-0: Ball
1-0: Swinging Strike
1-1: Foul Ball, location: 2F
1-2: Foul Ball, location: 2F
1-2: Strikes out looking
Batting: RHB Nick Webb 0-0: Ground out 4-3 (Groundball, 34)
Batting: LHB Ashley Pickhills 0-0: Called Strike
0-1: Ball
1-1: Ball
2-1: Fly out, F9 (Flyball, 9LMF)
Top of the 5th over - 0 run(s), 0 hit(s), 0 error(s), 0 left on base; El Dorado 3 - San Francisco 3
BOTTOM OF THE 5TH
San Francisco Bandits batting - Pitching for El Dorado Oilers : RHP Jeffrey Stephens
Batting: LHB Alberto Gómez 0-0: Ball
1-0: Foul Ball, location: 2F
1-1: Ball
2-1: Ground out 4-3 (Groundball, 4)
Batting: RHB Raúl Bruno 0-0: Fly out, F9 (Flyball, 9LM)
Batting: LHB Seung-woo Yi 0-0: Ball
1-0: Foul Ball, location: 2F
1-1: Fly out, F8 (Flyball, 8LD)
Bottom of the 5th over - 0 run(s), 0 hit(s), 0 error(s), 0 left on base; El Dorado 3 - San Francisco 3
TOP OF THE 6TH
El Dorado Oilers batting - Pitching for San Francisco Bandits : RHP Fernando Llama
Batting: LHB Tony Abete 0-0: Ball
1-0: Foul Ball, location: 2F
1-1: Ball
2-1: Ground out 4-3 (Groundball, 4)
Batting: RHB Valentín Borges 0-0: Ball
1-0: Called Strike
1-1: Fly out, F8 (Flyball, 8LD)
Batting: LHB José Hernández 0-0: Ball
1-0: Foul Ball, location: 2F
1-1: SINGLE (Line Drive, 4MD)
Batting: RHB Sixto Vélez 0-0: Swinging Strike
0-1: Ball
1-1: Foul Ball, location: 2F
1-2: Fly out, F4 (Popup, 34S)
Top of the 6th over - 0 run(s), 1 hit(s), 0 error(s), 1 left on base; El Dorado 3 - San Francisco 3
BOTTOM OF THE 6TH
San Francisco Bandits batting - Pitching for El Dorado Oilers : RHP Jeffrey Stephens
Batting: RHB Owen Carter 0-0: Called Strike
0-1: Called Strike
0-2: Foul Ball, location: 2F
0-2: Ball
1-2: Strikes out swinging
Batting: LHB Mario García 0-0: Called Strike
0-1: Called Strike
0-2: Strikes out looking
Batting: RHB Glenn Melican 0-0: Ball
1-0: Called Strike
1-1: SINGLE (Line Drive, 56D)
Batting: LHB Anacleto Morillo 0-0: Ball
Glenn Melican is caught stealing 2nd base
Bottom of the 6th over - 0 run(s), 1 hit(s), 0 error(s), 0 left on base; El Dorado 3 - San Francisco 3
TOP OF THE 7TH
El Dorado Oilers batting - Pitching for San Francisco Bandits : RHP Fernando Llama
Pinch Hitting: LHB Chris Miller 0-0: Called Strike
0-1: Ball
1-1: Ball
2-1: Foul Ball, location: 2F
2-2: Ball
3-2: Ground out 3-1 (Groundball, 23)
Batting: RHB José Carlos Caraballo 0-0: Called Strike
0-1: Ball
1-1: Single, Error in OF, E8, batter to second base
Pitching: RHP Alfonso Martínez
Batting: LHB José Martínez 0-0: SINGLE (Groundball, 34D)
José Carlos Caraballo to third
Runner from 3rd tries for Home, SAFE, no throw
Batting: RHB Nick Webb 0-0: Ball
1-0: Ball
2-0: Grounds into double play, 6-4-3 (Groundball, 6)
Top of the 7th over - 1 run(s), 2 hit(s), 1 error(s), 0 left on base; El Dorado 4 - San Francisco 3
BOTTOM OF THE 7TH
San Francisco Bandits batting - Pitching for El Dorado Oilers : RHP Jeffrey Stephens
Now in RF: Chris Miller
Batting: LHB Anacleto Morillo 0-0: Ball
1-0: Called Strike
1-1: Swinging Strike
1-2: Foul Ball, location: 2F
1-2: Ball
2-2: Ball
3-2: Foul Ball, location: 2F
3-2: Foul Ball, location: 2F
3-2: Foul Ball, location: 2F
3-2: SINGLE (Line Drive, 7LS)
Batting: RHB Scott Merritt 0-0: Sac Bunt - play at first, batter OUT! 5-4
Anacleto Morillo to second
Batting: RHB Ramón Ruíz 0-0: Swinging Strike
0-1: Called Strike
0-2: Ball
1-2: Foul Ball, location: 2F
1-2: Ball
2-2: Ball
3-2: Base on Balls
Batting: LHB Alberto Gómez 0-0: Ball
1-0: Ball
2-0: Swinging Strike
2-1: Foul Ball, location: 2F
2-2: Ball
3-2: SINGLE (Groundball, 4D)
Anacleto Morillo to third
Ramón Ruíz to second
Pitching: RHP Mitch Brown
Pinch Hitting: RHB Gustavo Ortíz 0-0: Ball
1-0: Fly out, F4 (Line Drive, 4)
Batting: LHB Seung-woo Yi 0-0: Called Strike
0-1: Ball
1-1: Called Strike
1-2: Strikes out looking
Bottom of the 7th over - 0 run(s), 2 hit(s), 0 error(s), 3 left on base; El Dorado 4 - San Francisco 3
TOP OF THE 8TH
El Dorado Oilers batting - Pitching for San Francisco Bandits : RHP Alfonso Martínez
Now at SS: Gustavo Ortíz
Batting: LHB Ashley Pickhills 0-0: Ball
1-0: Ball
2-0: Ball
3-0: Base on Balls
Batting: LHB Tony Abete 0-0: Called Strike
0-1: Called Strike
0-2: Foul Ball, location: 2F
0-2: Ball
1-2: DOUBLE (Flyball, 7LM)
Ashley Pickhills to third
Batting: RHB Valentín Borges 0-0: Ball
1-0: Foul Ball, location: 2F
1-1: Ball
2-1: Ball
3-1: Fly out, F9 (Flyball, 9)
Runner from 3rd tags up, SCORES, throw made
Batting: LHB José Hernández 0-0: Intentional Walk
Pitching: RHP Mal Park
Batting: RHB Sixto Vélez 0-0: Ball
1-0: Called Strike
Tony Abete steals 3rd base
José Hernández to second
1-1: Ball
2-1: Foul Ball, location: 2F
2-2: SINGLE (Groundball, 56)
Tony Abete scores
José Hernández to third
Runner from 3rd tries for Home, SAFE, throw made home
Batting: LHB Chris Miller 0-0: Ball
Sixto Vélez is caught stealing 2nd base
1-0: Called Strike
1-1: Fly out, F4 (Popup, 34)
Top of the 8th over - 3 run(s), 2 hit(s), 0 error(s), 0 left on base; El Dorado 7 - San Francisco 3
BOTTOM OF THE 8TH
San Francisco Bandits batting - Pitching for El Dorado Oilers : RHP Mitch Brown
Batting: RHB Owen Carter 0-0: Ball
1-0: DOUBLE (Line Drive, 9LS)
Batting: LHB Mario García 0-0: Ball
1-0: Called Strike
1-1: SINGLE (Groundball, 6MD)
Owen Carter to third
Runner from 3rd tries for Home, SAFE, throw made home
Mario García to second
Pitching: RHP Rick Grant
Batting: RHB Glenn Melican 0-0: Ball
1-0: Ground out 6-3 (Groundball, 6)
Mario García to third
Batting: LHB Anacleto Morillo 0-0: Foul Ball, location: 2F
0-1: Ball
1-1: Foul Ball, location: 2F
1-2: DOUBLE (Groundball, 3L)
Mario García scores
Batting: RHB Scott Merritt 0-0: Called Strike
0-1: Foul Ball, location: 2F
0-2: Fly out, F7 (Flyball, 7)
Batting: RHB Ramón Ruíz 0-0: Called Strike
0-1: Called Strike
0-2: Ball
1-2: Strikes out looking
Bottom of the 8th over - 2 run(s), 3 hit(s), 0 error(s), 1 left on base; El Dorado 7 - San Francisco 5
TOP OF THE 9TH
El Dorado Oilers batting - Pitching for San Francisco Bandits : RHP Mal Park
Pitching: RHP Mitsunari Taguchi
Batting: RHB José Carlos Caraballo 0-0: Called Strike
0-1: Swinging Strike
0-2: Strikes out swinging
Batting: LHB José Martínez 0-0: Ball
1-0: Ball
2-0: Fly out, F9 (Flyball, 89D)
Batting: RHB Nick Webb 0-0: Ball
1-0: Ground out 6-3 (Groundball, 6)
Top of the 9th over - 0 run(s), 0 hit(s), 0 error(s), 0 left on base; El Dorado 7 - San Francisco 5
BOTTOM OF THE 9TH
San Francisco Bandits batting - Pitching for El Dorado Oilers : RHP Rick Grant
Pitching: RHP Craig Draper
Now at 1B: José Montoya
Batting: LHB Alberto Gómez 0-0: Ball
1-0: Called Strike
1-1: SINGLE (Groundball, 34D)
Batting: RHB Gustavo Ortíz 0-0: Swinging Strike
0-1: Grounds into double play, 4-6-3 (Groundball, 4M)
Batting: LHB Seung-woo Yi 0-0: Ball
1-0: Called Strike
1-1: Hit by Pitch
Batting: RHB Owen Carter 0-0: SINGLE (Flyball, 4MD)
Seung-woo Yi to second
Runner from 2nd tries for 3rd, SAFE, throw made to third
Batting: LHB Mario García 0-0: Ball
1-0: Ball
2-0: Ground out U3 (Groundball, 3)
Bottom of the 9th over - 0 run(s), 2 hit(s), 0 error(s), 2 left on base; El Dorado 7 - San Francisco 5
Tuesday, August 8th, 2017 - OOTP Baseball 17.12 Build 75